Cogmind - Beta 15 @@@ ROGUE MODE // 2025.08.06 @ 23:39:31 Player: GiggleBox Result: Destroyed by G-67 Veteran with Field Laser Performance ------------- Evolutions (6) 3000 Regions Visited (22) 4400 Robots Destroyed (149) 745 Value Destroyed (4343) 4343 Prototype IDs (32) 640 Alien Tech Used (3) 600 Bonus (1589) 1589 TOTAL SCORE: 15317 Bonus ------- High Alert Combat Kills 34 Follower Combat Kills 248 Met Data Miner 300 Met Imprinter 300 Destroyed Z-Imprinter 1000 Met Zhirov 300 Friendly Fire -593 Cogmind --------- Core Integrity 0/1150 Matter 249/300 Energy 84/100 System Corruption 0% Temperature Cool (9) Movement Core (50) Location -4/Factory Parts ------- > --- POWER (2) -------- (None) > --- PROPULSION (7) --- (None) > --- UTILITY (8) ------ Advanced Signal Interpreter Core Analyzer Hacking Suite > --- WEAPON (3) ------- (None) > --- INVENTORY (5) ---- Advanced Transmission Jammer Hacking Drone Bay (1/1) Long-range Proton Cannon Improved Proton Missile Launcher Peak State ------------ > --- POWER ------------ Light Angular Momentum Engine Fusion Reactor > --- PROPULSION ------- Combat Airjet Combat Airjet Antigrav System Antigrav System Antigrav System Antigrav System > --- UTILITY ---------- Large Storage Unit Enhanced Optical Array Improved Signal Interpreter Advanced Targeting Computer Core Analyzer Armor Integrity Analyzer Particle Accelerator Hardened Medium Armor Plating > --- WEAPON ----------- Compact Ion Cannon Lance > --- INVENTORY -------- Advanced Power Amplifier Advanced Cooling System Improved Reaction Control System Makeshift Cloaking Device Remote Force Field Point Defense System Hacking Drone Bay Transdimensional Reconstructor Long-range Proton Cannon Heavy Phase Cannon Hypervelocity Coil Gun Hypervelocity Gauss Cannon Improved Proton Missile Launcher Dirty Datajack Powered Hammer [Rating: 98] Favorites ----------- Power Improved Deuterium Engine Engine Improved Deuterium Engine Power Core Light Fission Core Reactor Fusion Reactor Propulsion Combat Airjet Treads Armored Treads Wheel Armored Wheel Hover Unit Combat Airjet Utility Advanced Targeting Computer Device Makeshift Transmission Jammer Storage High-capacity Storage Unit Processor Advanced Targeting Computer Hackware Makeshift Hacking Suite Protection Layered Light Armor Plating Weapon Gauss Cannon Energy Gun Medium Laser Energy Cannon Compact Ion Cannon Ballistic Gun High-powered Shotgun Ballistic Cannon Gauss Cannon Launcher Grenade Launcher Special Weapon Plasma Cutter Impact Weapon Power Maul Piercing Weapon Lance Build | -11 -10 -10 -10 -9 -8 -7 -7 -7 -7 -6 -6 -6 -6 -6 -6 -5 -5 -5 -5 -5 -4 -4 ------- Run | Yrd Mat Min Exi Min Mat Fac Low Low Dat Pro Fac Low Low Zio Dee Pro Fac Upp Upp Zhi Pro Fac Slots Evolved 12 | . . . . . 4 2 . . . . 2 . . . . . 2 . . . . 2 Power 1 | . . . . . . . . . . . . . . . . . 1 . . . . . Propulsion 5 | . . . . . 2 . . . . . 1 . . . . . 1 . . . . 1 Utility 5 | . . . . . 2 2 . . . . 1 . . . . . . . . . . . Weapon 1 | . . . . . . . . . . . . . . . . . . . . . . 1 Parts Attached 145 | 8 14 2 2 1 32 16 2 2 . . 23 1 2 5 5 2 13 3 1 4 1 6 Power 14 | 1 2 . . . 2 2 . . . . 2 . . . . . 3 . . 1 1 . Engine 11 | 1 2 . . . 2 2 . . . . 1 . . . . . 2 . . . 1 . Core 2 | . . . . . . . . . . . 1 . . . . . 1 . . . . . Reactor 1 | . . . . . . . . . . . . . . . . . . . . 1 . . Propulsion 31 | 2 2 . . . 8 2 . . . . 10 . . 1 . 1 4 . . . . 1 Treads 12 | 2 . . . . 5 1 . . . . 4 . . . . . . . . . . . Leg . | . . . . . . . . . . . . . . . . . . . . . . . Wheel 7 | . 2 . . . 3 1 . . . . 1 . . . . . . . . . . . Hover 12 | . . . . . . . . . . . 5 . . 1 . 1 4 . . . . 1 Flight . | . . . . . . . . . . . . . . . . . . . . . . . Utility 60 | 2 4 1 . . 9 10 1 1 . . 8 . 2 2 4 1 5 1 1 3 . 5 Device 26 | 1 1 1 . . 2 3 1 . . . 3 . . 2 4 . 2 1 1 1 . 3 Storage 5 | 1 1 . . . 1 1 . . . . . . . . . . 1 . . . . . Processor 13 | . . . . . 1 2 . 1 . . 4 . 2 . . 1 1 . . . . 1 Hackware 4 | . . . . . 1 2 . . . . . . . . . . . . . . . 1 Protection 12 | . 2 . . . 4 2 . . . . 1 . . . . . 1 . . 2 . . Artifact . | . . . . . . . . . . . . . . . . . . . . . . . Weapon 40 | 3 6 1 2 1 13 2 1 1 . . 3 1 . 2 1 . 1 2 . . . . Energy Gun 5 | 3 1 . . . 1 . . . . . . . . . . . . . . . . . Energy Cannon 5 | . . . 1 . 2 . . . . . 2 . . . . . . . . . . . Ballistic Gun 6 | . . . . 1 5 . . . . . . . . . . . . . . . . . Ballistic Cannon 9 | . 2 . . . 4 1 1 . . . 1 . . . . . . . . . . . Launcher 6 | . 2 . 1 . . . . . . . . 1 . 1 1 . . . . . . . Special Weapon 2 | . . . . . . . . 1 . . . . . 1 . . . . . . . . Impact Weapon 6 | . 1 1 . . 1 1 . . . . . . . . . . 1 1 . . . . Slashing Weapon . | . . . . . . . . . . . . . . . . . . . . . . . Piercing Weapon 1 | . . . . . . . . . . . . . . . . . . 1 . . . . Special Melee Weapon . | . . . . . . . . . . . . . . . . . . . . . . . Unidentified Prototypes 10 | . . . . . 1 . . 1 . . 1 . . 2 . . . . . 4 . 1 Corrupted Parts 1 | . . . . 1 . . . . . . . . . . . . . . . . . . System Corruption 2 | . . . . 2 . . . . . . . . . . . . . . . . . . Parts Lost 40 | . 2 1 . . 4 3 1 . . . 11 . . . . 4 2 . . . 3 9 Power 4 | . . . . . . . . . . . 1 . . . . 1 . . . . 1 1 Propulsion 19 | . 1 . . . 1 2 . . . . 5 . . . . 3 2 . . . 1 4 Utility 10 | . . . . . 2 . . . . . 4 . . . . . . . . . 1 3 Weapon 7 | . 1 1 . . 1 1 1 . . . 1 . . . . . . . . . . 1 Highest Loss Streak 6 | . 2 1 . . 2 2 1 . . . 6 . . . . 3 2 . . . 2 4 To Critical Strikes . | . . . . . . . . . . . . . . . . . . . . . . . Average Backups 16 | 1 11 14 14 15 14 17 18 19 20 20 19 20 20 19 19 9 6 12 13 15 14 8 Power . | . 1 1 1 1 1 1 1 1 1 1 1 1 1 1 1 . . . . . . . Propulsion 1 | . . . 1 1 . . 2 3 5 5 3 4 3 3 3 . . . . . . . Utility 7 | . 7 6 6 8 5 8 9 8 8 8 8 8 9 9 8 5 2 4 4 7 7 3 Weapon 5 | . 3 6 6 5 6 6 5 4 4 4 4 5 5 5 5 3 3 8 8 6 5 3 Tool/Special . | . . . . . . . . . . . . . . . . . . . . . . . Unused Backups 48 | . 2 2 2 . 11 6 . 3 . . 3 1 1 1 . 4 1 . 1 3 1 6 Power 4 | . 1 . . . 1 2 . . . . . . . . . . . . . . . . Propulsion 1 | . . . . . . 1 . . . . . . . . . . . . . . . . Utility 22 | . 1 2 1 . 5 2 . 1 . . 1 1 1 1 . 3 . . . . . 3 Weapon 19 | . . . 1 . 5 1 . 2 . . 2 . . . . 1 1 . 1 1 1 3 Tool/Special 2 | . . . . . . . . . . . . . . . . . . . . 2 . . Average Slot Usage (%) 97 | . 98 99 100 100 97 97 100 99 88 100 97 100 100 99 100 90 90 100 100 100 88 44 Engine 7 | . 14 14 14 14 9 7 7 7 7 7 5 . . . . . 9 11 11 7 3 1 Treads 12 | . 21 14 14 14 19 15 15 14 14 14 13 . . . . . . . . . . . Wheel 9 | . 5 14 14 14 14 12 15 14 14 14 9 . . . . . . . . . . . Hover 7 | . . . . . . . . . . . 6 31 31 31 31 24 25 33 33 33 27 9 Device 13 | . 10 13 14 14 12 17 22 21 21 20 13 6 6 6 10 8 7 10 11 6 4 5 Storage 8 | . 14 14 14 14 9 7 7 7 7 7 6 6 6 6 6 2 1 5 5 5 5 1 Processor 16 | . . . . . 6 15 15 15 21 21 25 37 37 37 31 34 33 27 27 27 27 19 Protection 2 | . 3 . . . 6 4 . 1 . . 2 . . . . 3 1 . . 3 5 . Energy Gun 1 | . 19 . . . 1 . . . . . . . . . . . . . . . . . Energy Cannon 1 | . . . 4 . . . . . . . 1 5 6 5 4 6 5 5 5 5 . . Ballistic Gun 1 | . . . . . 9 . . . . . . . . . . . . . . . . . Ballistic Cannon 5 | . 5 . . . 5 12 10 13 3 14 6 . . . . . . . . . . . Launcher 1 | . . 14 9 14 . . . . . . . . . . 1 . . . . . . . Impact Weapon 4 | . 2 13 14 14 1 2 4 . . . 3 6 6 5 6 6 5 . . . . 2 Peak Build Rating 98 | 7 8 8 10 12 37 47 47 53 50 51 76 74 75 81 79 77 90 91 95 98 93 88 Average Rating 43 | 5 7 7 8 10 30 43 45 46 42 50 61 73 74 75 76 66 77 90 91 92 82 46 On Entrance 52 | . 7 8 8 10 12 37 47 45 50 50 50 74 73 75 76 77 64 87 91 93 93 82 Naked Turns . | . . . . . . . . . . . . . . . . . . . . . . . Heaviest Build 80 | 13 34 34 31 32 55 74 71 74 71 74 80 59 55 57 61 56 49 49 48 57 61 53 Greatest Support 94 | 40 40 16 16 16 60 40 22 22 22 22 94 59 59 59 59 59 68 68 68 68 68 56 Greatest Overweight (x) 11 | . 11 2 1 1 3 6 3 3 3 3 6 . . . 1 4 1 . . . 1 3 Average Overweight (x) 1 | . 1 1 1 1 1 2 3 2 2 3 1 . . . . . . . . . . . Largest Inventory Capacity 20 | 8 15 15 15 15 15 20 20 20 20 20 20 20 20 20 20 20 15 15 15 15 15 15 Average Capacity 16 | 7 14 15 15 15 15 18 20 20 20 20 20 20 20 20 20 10 8 15 15 15 15 8 Most Carried 20 | 2 15 15 15 15 15 20 20 20 20 20 20 20 20 20 20 20 12 13 15 15 15 15 Average Carried 16 | 1 11 14 14 15 14 17 19 19 20 20 19 19 19 19 19 9 6 12 13 14 14 8 Final Capacity 20 | 8 15 15 15 15 15 20 20 20 20 20 20 20 20 20 20 5 15 15 15 15 15 5 Final Carried 20 | 2 15 15 15 15 15 20 20 20 20 20 20 20 20 20 20 4 11 13 15 15 15 4 Class Distribution -------------------- 67% | Mutant 14% | Scout 9% | Commander-Mutant 3% | Scavenger-Mutant Dominant Class ---------------- Mutant | -10/Materials Mutant | -10/Mines Commander-Mutant | -10/Exiles Commander-Mutant | -9/Mines Mutant | -8/Materials Mutant | -7/Factory Mutant | -7/Lower Caves Mutant | -7/Lower Caves Mutant | -7/Data Miner Mutant | -6/Proximity Caves Mutant | -6/Factory Mutant | -6/Lower Caves Scout | -6/Lower Caves Scout | -6/Zion Mutant | -6/Deep Caves Scout | -5/Proximity Caves Scavenger-Scout | -5/Factory Scout | -5/Upper Caves Scout | -5/Upper Caves Scout | -5/Zhirov Scout | -4/Proximity Caves Mutant | -4/Factory Resources | -11 -10 -10 -10 -9 -8 -7 -7 -7 -7 -6 -6 -6 -6 -6 -6 -5 -5 -5 -5 -5 -4 -4 ----------- Run | Yrd Mat Min Exi Min Mat Fac Low Low Dat Pro Fac Low Low Zio Dee Pro Fac Upp Upp Zhi Pro Fac Matter Collected 5426 | 277 319 325 10 10 1133 837 190 326 . 81 737 87 10 180 81 155 262 50 20 110 92 134 Remotely 347 | . . . . . . 347 . . . . . . . . . . . . . . . . Salvage Created 6777 | 138 814 162 399 97 1381 780 126 152 . 46 1052 65 . . 109 54 498 228 165 321 35 155 Parts 265 | 10 36 14 5 1 70 41 2 7 . 2 40 3 . . 3 4 13 4 2 4 1 3 Haulers Intercepted 11 | . 2 . . . 6 1 . . . . 1 . . . . . 1 . . . . . Recyclers Shooed 1 | 1 . . . . . . . . . . . . . . . . . . . . . . Parts Field Recycled . | . . . . . . . . . . . . . . . . . . . . . . . Retrieved Matter . | . . . . . . . . . . . . . . . . . . . . . . . Parts Self-Destructed 32 | . . . . . . . 1 10 . 2 . 3 1 . . 5 . 5 . 4 1 . Prevented . | . . . . . . . . . . . . . . . . . . . . . . . Kills | -11 -10 -10 -10 -9 -8 -7 -7 -7 -7 -6 -6 -6 -6 -6 -6 -5 -5 -5 -5 -5 -4 -4 ------- Run | Yrd Mat Min Exi Min Mat Fac Low Low Dat Pro Fac Low Low Zio Dee Pro Fac Upp Upp Zhi Pro Fac Combat Hostiles Destroyed 91 | . 15 6 . . 20 16 1 3 . 1 17 1 . . 3 1 2 . . . 1 4 Melee 2 | . . . . . . 1 . . . . . . . . . . 1 . . . . . Guns 31 | . 14 . . . 17 . . . . . . . . . . . . . . . . . Cannons 41 | . 1 . . . 3 15 1 3 . 1 15 . . . . 1 1 . . . . . AOE 15 | . . 6 . . . . . . . . 1 1 . . 3 . . . . . 1 3 Classes Destroyed 18 | 2 3 1 . . 5 2 1 1 . . . 1 . . 1 . . . . . 1 . Worker 12 | . . 1 . . 3 3 . . . . 3 . . . . . 1 . . . . 1 Builder 3 | . . . . . 2 . . . . . . . . . . . . . . . . 1 Tunneler 8 | 3 1 2 . . . 1 . . . . . . . . . . . . . . . 1 Hauler 11 | . 2 . . . 6 1 . . . . 1 . . . . . 1 . . . . . Recycler 11 | 1 1 1 . 1 3 1 . . . . 1 . . . . . 2 . . . . . Minesweeper 2 | . . . . . . . 1 1 . . . . . . . . . . . . . . Operator 4 | . . . . . 1 1 . . . . . . . . . . 1 . . . . 1 Drone 1 | . . . . . . . . . . . . . . . . . . . . . 1 . Watcher 6 | . . . . . 4 1 . . . . 1 . . . . . . . . . . . Swarmer 26 | . 6 6 . . 7 . . . . . 3 1 . . . . . . . . . 3 Grunt 34 | . 9 . . . 9 7 . 2 . . 7 . . . . . . . . . . . Duelist 1 | . . . . . 1 . . . . . . . . . . . . . . . . . Researcher 1 | . . . . . . . . 1 . . . . . . . . . . . . . . Sentry 11 | . . . . . 3 4 1 . . 1 1 . . . . . . . . . . 1 Hunter 4 | . . . . . . 1 . . . . 3 . . . . . . . . . . . Programmer 10 | . . . . . . 4 . . . . 3 . . . . 1 2 . . . . . Z-Technician 5 | . . . . . . . . . . . . . . . 5 . . . . . . . Z-Light 2 | . . . . . . . . . . . . . . . 2 . . . . . . . Packrat 1 | . . . . . . . 1 . . . . . . . . . . . . . . . Samaritan 2 | . . . . . . . . . . . . 1 . . . . . . 1 . . . Butcher 1 | . . . . . . . . 1 . . . . . . . . . . . . . . Best Kill Streak 6 | 4 3 6 . 1 5 3 1 1 . 1 4 1 . . 4 1 3 . . . 1 4 Combat Bots Only 6 | . 3 6 . . 3 3 1 1 . 1 4 1 . . 3 1 2 . . . 1 3 Max Kills in Single Turn 4 | 1 1 2 . 1 2 1 1 1 . 1 2 1 . . 4 1 1 . 1 . 1 4 Gunslinging . | . . . . . . . . . . . . . . . . . . . . . . . Exploded 3 | . . 2 . . . . . . . . 1 1 . . 2 . . . . . 1 3 Melee 1 | . . . . . . 1 . . . . . . . . . . 1 . . . . . Uniques/NPCs Destroyed 1 | . . . . . . . . . . . . . . . 1 . . . . . . . Z-Imprinter (-6/Deep Caves) Combat | -11 -10 -10 -10 -9 -8 -7 -7 -7 -7 -6 -6 -6 -6 -6 -6 -5 -5 -5 -5 -5 -4 -4 -------- Run | Yrd Mat Min Exi Min Mat Fac Low Low Dat Pro Fac Low Low Zio Dee Pro Fac Upp Upp Zhi Pro Fac Hostile Shots Fired 815 | . 70 15 . . 105 118 27 11 . 20 162 21 1 . 17 81 18 . . . 30 119 Missed 280 | . 23 3 . . 31 35 7 6 . 13 55 8 . . 6 30 4 . . . 13 46 Hits 535 | . 47 12 . . 74 83 20 5 . 7 107 13 1 . 11 51 14 . . . 17 73 Melee 2 | . . . . . . . . . . . . . . . . 2 . . . . . . Projectile 533 | . 47 12 . . 74 83 20 5 . 7 107 13 1 . 11 49 14 . . . 17 73 Critical Strikes 16 | . . . . . 3 3 . . . . 5 . . . . 3 . . . . . 2 Part Disruptions 1 | . . . . . . . . . . . 1 . . . . . . . . . . . Damage Taken 8740 | . 520 168 . . 1108 1072 129 111 . 62 1609 139 19 . 364 1047 326 . . . 360 1706 Core 1982 | . 113 49 . . 70 78 6 . . . 150 21 . . 34 167 86 . . . 48 1160 Absorbed by Shields . | . . . . . . . . . . . . . . . . . . . . . . . Ignored by Resistances 16 | . . . . . 16 . . . . . . . . . . . . . . . . . Regen/Repaired (Parts) 731 | . 120 . . . . . . . . . . . . 611 . . . . . . . . Core Remaining (%) 75 | 100 . . . 35 87 . . . . 88 . . . . . 56 . . . . 86 . Volleys Fired 392 | 9 64 6 8 . 98 44 5 17 . 2 53 5 10 . 34 14 3 9 . . 11 . Largest 2 | 2 2 1 1 . 2 2 2 2 . 2 2 1 1 . 1 1 1 1 . . 1 . Hottest 113 | 100 100 30 60 . 113 80 80 80 . 80 80 90 90 . 90 90 90 90 . . 90 . Shots Fired 628 | 18 125 6 8 . 179 86 10 32 . 4 74 5 10 . 34 14 3 9 . . 11 . Gun 263 | 18 111 . . . 134 . . . . . . . . . . . . . . . . . Cannon 344 | . 14 . 8 . 44 86 10 30 . 4 74 3 10 . 26 14 3 9 . . 9 . Launcher 19 | . . 6 . . 1 . . . . . . 2 . . 8 . . . . . 2 . Special 2 | . . . . . . . . 2 . . . . . . . . . . . . . . Kinetic 357 | . 14 . . . 154 86 10 30 . 4 59 . . . . . . . . . . . Thermal 203 | 18 104 . 8 . . . . . . . . 3 10 . 25 14 3 9 . . 9 . Explosive 15 | . . 6 . . 1 . . . . . . . . . 8 . . . . . . . Electromagnetic 51 | . 7 . . . 24 . . . . . 15 2 . . 1 . . . . . 2 . Robot Hit Streak 20 | 4 18 2 10 . 10 20 19 5 . 4 17 1 . . 4 2 3 . . . . . Robot Miss Streak 8 | 1 3 2 . . 6 3 . 2 . . 8 2 . . 3 4 1 . . . . . Penetration Max 1 | . . . . . 1 1 . . . . . . . . . . . . . . . . Secondary Targets . | . . . . . . . . . . . . . . . . . . . . . . . Shots Hit Robots 459 | 11 87 7 32 3 107 64 10 18 . 3 64 2 . . 4 2 9 4 5 9 1 17 Core Hits 236 | 4 34 8 5 1 61 30 4 6 . 2 42 2 . . 15 2 4 3 1 4 1 7 Critical Kills 5 | . 1 . . . 1 1 1 . . . . . . . . . 1 . . . . . Critical Parts Destroyed 13 | . 1 1 3 . . 1 . . . . 2 . . . . . 2 . . . . 3 Critical Strikes 44 | 1 7 1 3 . 3 7 3 3 . . 6 . . . . . 3 . 1 2 . 4 Burn 5 | 1 4 . . . . . . . . . . . . . . . . . . . . . Destroy 1 | . . . . . 1 . . . . . . . . . . . . . . . . . Blast 16 | . . . . . 2 5 2 3 . . 4 . . . . . . . . . . . Corrupt 1 | . 1 . . . . . . . . . . . . . . . . . . . . . Smash 18 | . 2 1 3 . . 2 1 . . . 2 . . . . . 3 . . . . 4 Impale 3 | . . . . . . . . . . . . . . . . . . . 1 2 . . Melee Attacks 182 | . 11 8 24 11 4 14 6 1 . . 27 2 4 . 1 8 14 6 7 9 1 24 Impact 159 | . 11 8 24 11 4 14 6 1 . . 27 2 4 . 1 8 14 1 . . . 23 Slashing . | . . . . . . . . . . . . . . . . . . . . . . . Piercing 23 | . . . . . . . . . . . . . . . . . . 5 7 9 1 1 Sneak Attacks 30 | . . 5 . 3 1 5 1 . . . 4 1 . . . . 4 . 3 . . 3 Combat Hostiles . | . . . . . . . . . . . . . . . . . . . . . . . Follow-up Attacks . | . . . . . . . . . . . . . . . . . . . . . . . Damage Inflicted 17644 | 153 1226 598 1527 154 2466 2209 373 431 . 84 2119 208 . . 2744 65 532 323 342 708 151 1231 Guns 2617 | 150 936 . . . 1531 . . . . . . . . . . . . . . . . . Cannons 5241 | . 136 . 172 . 721 1614 257 431 . 84 1580 . . . 110 65 71 . . . . . Explosions 3836 | . . 326 . . 115 . . . . . 131 77 . . 2634 . . . . . 72 481 Melee 5918 | . 148 272 1355 154 76 595 116 . . . 408 131 . . . . 461 323 342 708 79 750 Ramming 32 | 3 6 . . . 23 . . . . . . . . . . . . . . . . . Kinetic 5780 | . 136 . . . 2047 1614 257 431 . 84 1211 . . . . . . . . . . . Thermal 3480 | 150 866 . 172 . . . . . . . 131 . . . 2025 65 71 . . . . . Explosive 1641 | . . 326 . . 115 . . . . . . . . . 719 . . . . . . 481 Electromagnetic 793 | . 70 . . . 205 . . . . . 369 77 . . . . . . . . 72 . Impact 4492 | . 148 272 1355 154 76 595 116 . . . 408 131 . . . . 461 68 . . . 708 Slashing . | . . . . . . . . . . . . . . . . . . . . . . . Piercing 1426 | . . . . . . . . . . . . . . . . . . 255 342 708 79 42 Highest Corruption 3 | . . . . 2 . 3 3 1 1 1 1 1 1 1 . . 2 . . . . . Average Corruption 1 | . . . . 2 . 1 2 1 1 1 1 1 1 1 . . 1 . . . . . Corruption Purged 6 | . . . . . . . 3 . . . . . . 1 . . 2 . . . . . Corruption Blocked . | . . . . . . . . . . . . . . . . . . . . . . . Effects 38 | . . . . . . 19 . 3 2 5 1 1 4 . . . 3 . . . . . Message Errors 5 | . . . . . . 1 . . . 1 . . 2 . . . 1 . . . . . Matter Fused 18 | . . . . . . 10 . 2 1 2 1 1 . . . . 1 . . . . . Heat Flow Errors 4 | . . . . . . 3 . . . 1 . . . . . . . . . . . . Energy Discharges 4 | . . . . . . 1 . 1 1 1 . . . . . . . . . . . . Data Loss (minor) 4 | . . . . . . 2 . . . . . . 2 . . . . . . . . . Alerts 2 | . . . . . . 1 . . . . . . . . . . 1 . . . . . Weapon Failures 1 | . . . . . . 1 . . . . . . . . . . . . . . . . Overload Shots . | . . . . . . . . . . . . . . . . . . . . . . . Overflow Damage 2657 | . 96 104 380 60 74 311 . 27 . . 306 129 . . 206 . 225 39 235 47 73 345 Projectiles 120 | . . . 4 . 20 34 . 27 . . 17 . . . 18 . . . . . . . Explosions 201 | . . 9 . . . . . . . . . . . . 188 . . . . . . 4 Melee 2336 | . 96 95 376 60 54 277 . . . . 289 129 . . . . 225 39 235 47 73 341 Knockbacks 53 | . 2 1 1 2 5 16 . 2 . . 20 . . . . . 2 1 . . . 1 Impact 12 | . 1 1 1 2 . . . . . . 3 . . . . . 2 1 . . . 1 Kinetic 40 | . 1 . . . 4 16 . 2 . . 17 . . . . . . . . . . . Secondary 1 | . . . . . 1 . . . . . . . . . . . . . . . . . Self-Inflicted Damage 420 | . 1 82 . . 92 . . . . . . 13 . . . . . . . . 11 221 Shots 8 | . . 3 . . 1 . . . . . . 1 . . . . . . . . 1 2 Rammed 6 | 1 3 . . . 2 . . . . . . . . . . . . . . . . . Targets Rammed 7 | 2 3 . . . 2 . . . . . . . . . . . . . . . . . Kicked . | . . . . . . . . . . . . . . . . . . . . . . . Crushed 1 | 1 . . . . . . . . . . . . . . . . . . . . . . Highest Temperature 452 | 195 78 7 140 . 452 242 17 54 . 121 123 108 170 . 180 136 174 8 . 28 235 2 Average Temperature 52 | 76 29 4 78 . 86 36 13 25 . 40 30 45 93 . 96 52 61 7 . 13 120 2 Received Heat Transfer 2498 | . 228 . . . 468 306 18 45 . 24 408 42 9 . 99 423 9 . . . 18 401 Siege Activations . | . . . . . . . . . . . . . . . . . . . . . . . Martial Activations . | . . . . . . . . . . . . . . . . . . . . . . . Shielding Activations . | . . . . . . . . . . . . . . . . . . . . . . . Robots Disrupted . | . . . . . . . . . . . . . . . . . . . . . . . Combat Hostiles . | . . . . . . . . . . . . . . . . . . . . . . . Robots Corrupted 21 | . 1 2 3 . . 3 . . . . 4 1 . . . . 4 1 . . . 2 Combat Hostiles 4 | . . . 2 . . . . . . . . . . . . . . 1 . . . 1 Parts Fried 42 | . 1 3 2 . 4 9 . 1 . . 10 . . . . . 5 . . . 1 6 Impact Corruptions 74 | . 6 5 14 2 2 8 . . . . 7 7 . . . . 8 3 . . . 12 Robots Melted . | . . . . . . . . . . . . . . . . . . . . . . . Combat Hostiles . | . . . . . . . . . . . . . . . . . . . . . . . Parts Melted 7 | . 5 . . . . . . . . . . . . . . . 2 . . . . . Heat Transferred 3804 | 518 2622 . 296 . . . . . . . 100 . . . 120 74 74 . . . . . Parts Sabotaged . | . . . . . . . . . . . . . . . . . . . . . . . Parts Stolen . | . . . . . . . . . . . . . . . . . . . . . . . Parts Stripped . | . . . . . . . . . . . . . . . . . . . . . . . Power Chain Reactions 1 | . . . . . . . . . . . 1 . . . . . . . . . . . Alert | -11 -10 -10 -10 -9 -8 -7 -7 -7 -7 -6 -6 -6 -6 -6 -6 -5 -5 -5 -5 -5 -4 -4 ------- Run | Yrd Mat Min Exi Min Mat Fac Low Low Dat Pro Fac Low Low Zio Dee Pro Fac Upp Upp Zhi Pro Fac Maximum Alert Level 2 | . . . . . 1 . . . . . 1 . . . . . 2 . . . . 2 Low Security (%) 84 | 100 100 100 . 100 65 100 . . . . 85 . . . . . . . . . . 91 Level 1 12 | . . . . . 34 . . . . . 14 . . . . . 41 . . . . 2 Level 2 3 | . . . . . . . . . . . . . . . . . 58 . . . . 6 Level 3 . | . . . . . . . . . . . . . . . . . . . . . . . Level 4 . | . . . . . . . . . . . . . . . . . . . . . . . Level 5 . | . . . . . . . . . . . . . . . . . . . . . . . High Security . | . . . . . . . . . . . . . . . . . . . . . . . Max Security . | . . . . . . . . . . . . . . . . . . . . . . . Peak Influence 567 | 10 111 173 . 29 337 160 . . . . 289 . . . . . 567 . . . . 416 Initial 567 | . . 3 . . . 126 . . . . . . . . . . 567 . . . . 150 Average 97 | 1 43 45 . 1 158 69 . . . . 71 . . . . . 448 . . . . 122 Influence Increases 5190 | 20 453 213 19 40 1166 636 25 45 . 35 673 50 45 . . 375 609 15 10 15 70 676 Destroy 0b10 Robot/C 1880 | . 300 120 . 20 540 320 20 40 . 20 340 20 . . . 20 40 . . . . 80 Destroy 0b10 Robot/NC 365 | 20 35 20 15 5 95 40 5 5 . . 30 . . . . . 25 15 10 15 10 20 Destroy Leader 504 | . 74 20 . . 160 114 . . . . 94 . . . . 10 12 . . . . 20 Allied During Kill 76 | . . . 4 11 61 . . . . . . . . . . . . . . . . . Successful Hack 141 | . 25 . . . 55 42 . . . . . . . . . . 12 . . . . 7 Disable Machine 435 | . 15 15 . . 60 90 . . . . 90 . . . . . 30 . . . . 135 Destroy Structure 274 | . 4 38 . 4 60 15 . . . . 59 . . . . . 10 . . . . 84 Advance Influence 600 | . . . . . . . . . . . . . . . . . 450 . . . . 150 Lose Combat Pursuer 915 | . . . . . 135 15 . . . 15 60 30 45 . . 345 30 . . . 60 180 Influence Decreases 4784 | 20 443 197 45 40 888 804 135 33 12 35 398 301 50 19 . 188 488 265 68 15 70 270 Entered New Map 563 | . . 7 26 . . 152 41 . 12 . . 103 6 19 . . 70 115 12 . . . Time Decay 3448 | 20 423 180 19 40 585 622 84 33 . 35 288 198 44 . . 188 238 150 56 15 50 180 Search Patrol Dispatched 150 | . . . . . . . . . . . . . . . . . 150 . . . . . Lost Part 350 | . 20 10 . . 40 30 10 . . . 110 . . . . . 20 . . . 20 90 Lost Ally 123 | . . . . . 113 . . . . . . . . . . . 10 . . . . . Purge Threat 150 | . . . . . 150 . . . . . . . . . . . . . . . . . Squads Dispatched 26 | . 3 . . . 1 6 . . . . 9 . 1 . . . 2 . . . . 4 Investigation 3 | . . . . . 1 1 . . . . . . . . . . . . . . . 1 Extermination 10 | . . . . . . 4 . . . . 3 . . . . . 2 . . . . 1 Reinforcement 8 | . 3 . . . . 1 . . . . 3 . . . . . . . . . . 1 Assault 1 | . . . . . . . . . . . . . 1 . . . . . . . . . Garrison 4 | . . . . . . . . . . . 3 . . . . . . . . . . 1 Intercept . | . . . . . . . . . . . . . . . . . . . . . . . Searches Triggered 1 | . . . . . . . . . . . . . . . . . 1 . . . . . Construction Impeded . | . . . . . . . . . . . . . . . . . . . . . . . Haulers Reinforced 1 | . . . . . . . . . . . 1 . . . . . . . . . . . Active Scanning Responses . | . . . . . . . . . . . . . . . . . . . . . . . Cargo Convoy Interrupts . | . . . . . . . . . . . . . . . . . . . . . . . Stealth | -11 -10 -10 -10 -9 -8 -7 -7 -7 -7 -6 -6 -6 -6 -6 -6 -5 -5 -5 -5 -5 -4 -4 --------- Run | Yrd Mat Min Exi Min Mat Fac Low Low Dat Pro Fac Low Low Zio Dee Pro Fac Upp Upp Zhi Pro Fac Distress Signals 3 | . . . . . 2 . . . . . . . . . . 1 . . . . . . Communications Jammed 29 | . . . . . 18 3 . . . . 5 . . . . . . . . . . 3 Distress Signals 29 | . . . . . 18 3 . . . . 5 . . . . . . . . . . 3 Times Spotted 212 | . 27 7 . 1 44 23 1 7 . 2 25 3 5 . 3 24 6 . . . 6 28 Peak Tracking Total 9 | . 3 4 . 1 6 3 1 5 . 1 5 3 5 . 3 9 4 . . . 3 9 Tactical Retreats 33 | . . . . . 4 1 . 1 . 1 3 1 2 . . 11 2 . . . 2 5 Traps | -11 -10 -10 -10 -9 -8 -7 -7 -7 -7 -6 -6 -6 -6 -6 -6 -5 -5 -5 -5 -5 -4 -4 ------- Run | Yrd Mat Min Exi Min Mat Fac Low Low Dat Pro Fac Low Low Zio Dee Pro Fac Upp Upp Zhi Pro Fac Traps Triggered 14 | . 4 . . . . 1 . . . . 1 . . . . . 2 . . . . 6 Indirectly . | . . . . . . . . . . . . . . . . . . . . . . . Trap Hack Attempts . | . . . . . . . . . . . . . . . . . . . . . . . Triggered . | . . . . . . . . . . . . . . . . . . . . . . . Disarmed . | . . . . . . . . . . . . . . . . . . . . . . . Reprogrammed . | . . . . . . . . . . . . . . . . . . . . . . . Reused 3 | . . . . . . . . 3 . . . . . . . . . . . . . . Traps Extracted . | . . . . . . . . . . . . . . . . . . . . . . . Installed 15 | . . . . 3 . . 1 6 . 4 . . . . . . . . . . 1 . Triggered . | . . . . . . . . . . . . . . . . . . . . . . . Most Traps Carried 2 | . . . . . . . 2 2 . . . . . . . . . . . . . . Machines | -11 -10 -10 -10 -9 -8 -7 -7 -7 -7 -6 -6 -6 -6 -6 -6 -5 -5 -5 -5 -5 -4 -4 ---------- Run | Yrd Mat Min Exi Min Mat Fac Low Low Dat Pro Fac Low Low Zio Dee Pro Fac Upp Upp Zhi Pro Fac Machines Disabled 34 | . 1 1 . . 4 6 . . . . 6 . . 3 2 . 2 . . . . 9 Max in Single Turn 5 | . 1 1 . . 1 1 . . . . 2 . . 1 1 . 1 . . . . 5 Machines Repaired . | . . . . . . . . . . . . . . . . . . . . . . . Machines Dismantled 3 | . . . . . . . . . . . . . . 3 . . . . . . . . Machines Sabotaged . | . . . . . . . . . . . . . . . . . . . . . . . Overloaded Fab Kills . | . . . . . . . . . . . . . . . . . . . . . . . Hacking | -11 -10 -10 -10 -9 -8 -7 -7 -7 -7 -6 -6 -6 -6 -6 -6 -5 -5 -5 -5 -5 -4 -4 --------- Run | Yrd Mat Min Exi Min Mat Fac Low Low Dat Pro Fac Low Low Zio Dee Pro Fac Upp Upp Zhi Pro Fac Machines Accessed 54 | . 9 . 2 . 9 10 . . 4 . 9 . 1 . . . 2 . 1 4 . 3 Terminals 31 | . 7 . . . 9 6 . . . . 5 . . . . . 1 . . . . 3 Fabricators 5 | . . . . . . 2 . . . . 2 . . . . . 1 . . . . . Repair Stations 1 | . 1 . . . . . . . . . . . . . . . . . . . . . Recycling Units 3 | . 1 . . . . 1 . . . . 1 . . . . . . . . . . . Scanalyzers . | . . . . . . . . . . . . . . . . . . . . . . . Garrison Access 2 | . . . . . . 1 . . . . 1 . . . . . . . . . . . Total Hacks 160 | . 25 . 10 . 31 22 . . 29 . 14 . 1 . . . 4 . 1 17 . 6 Successful 93 | . 11 . 10 . 18 4 . . 29 . . . 1 . . . 1 . 1 17 . 1 Failed 67 | . 14 . . . 13 18 . . . . 14 . . . . . 3 . . . . 5 Catastrophic 12 | . . . . . 1 4 . . . . 6 . . . . . . . . . . 1 Database Lockouts . | . . . . . . . . . . . . . . . . . . . . . . . Manual 62 | . 20 . . . 18 9 . . . . 6 . . 2 . . 1 . . . . 6 Terminals 82 | . 22 . . . 31 12 . . . . 10 . . . . . 1 . . . . 6 Fabricators 9 | . . . . . . 4 . . . . 2 . . . . . 3 . . . . . Repair Stations 2 | . 2 . . . . . . . . . . . . . . . . . . . . . Recycling Units 6 | . 1 . . . . 4 . . . . 1 . . . . . . . . . . . Scanalyzers . | . . . . . . . . . . . . . . . . . . . . . . . Garrison Access 3 | . . . . . . 2 . . . . 1 . . . . . . . . . . . Terminal Hacks 71 | . 2 . 10 . 8 2 . . 29 . . . 1 . . . . . 1 17 . 1 Record 26 | . . . 10 . . . . . 11 . . . . . . . . . . 5 . . Part Schematic 14 | . . . . . . 1 . . 9 . . . . . . . . . . 4 . . Robot Schematic 6 | . . . . . . . . . 6 . . . . . . . . . . . . . Robot Analysis 5 | . 1 . . . . . . . . . . . . . . . . . . 4 . . Prototype ID Bank 9 | . . . . . 2 . . . 3 . . . . . . . . . . 4 . . Open Door 2 | . . . . . . . . . . . . . 1 . . . . . 1 . . . Branch Access Points 2 | . . . . . . 1 . . . . . . . . . . . . . . . 1 Alert Level 2 | . . . . . 2 . . . . . . . . . . . . . . . . . Unreport Threat 1 | . . . . . 1 . . . . . . . . . . . . . . . . . Locate Traps 3 | . . . . . 3 . . . . . . . . . . . . . . . . . Zone Layout 1 | . 1 . . . . . . . . . . . . . . . . . . . . . Fabricator Hacks . | . . . . . . . . . . . . . . . . . . . . . . . Repair Station Hacks 2 | . 2 . . . . . . . . . . . . . . . . . . . . . Scan Component 1 | . 1 . . . . . . . . . . . . . . . . . . . . . Repair 1 | . 1 . . . . . . . . . . . . . . . . . . . . . Recycling Unit Hacks 1 | . . . . . . 1 . . . . . . . . . . . . . . . . Retrieve Components 1 | . . . . . . 1 . . . . . . . . . . . . . . . . Scanalyzer . | . . . . . . . . . . . . . . . . . . . . . . . Garrison Access Hacks . | . . . . . . . . . . . . . . . . . . . . . . . Unauthorized Hacks 19 | . 7 . . . 10 1 . . . . . . . . . . 1 . . . . . Terminals 19 | . 7 . . . 10 1 . . . . . . . . . . 1 . . . . . Botnet 6 | . 2 . . . 2 1 . . . . . . . . . . 1 . . . . . Disrupt 1 | . . . . . 1 . . . . . . . . . . . . . . . . . Operators 1 | . . . . . 1 . . . . . . . . . . . . . . . . . Skim 11 | . 5 . . . 6 . . . . . . . . . . . . . . . . . Fabricators . | . . . . . . . . . . . . . . . . . . . . . . . Repair Stations . | . . . . . . . . . . . . . . . . . . . . . . . Recycling Units . | . . . . . . . . . . . . . . . . . . . . . . . Scanalyzers . | . . . . . . . . . . . . . . . . . . . . . . . Garrison Access . | . . . . . . . . . . . . . . . . . . . . . . . Data Cores Recovered 3 | . . . . . . 1 . . . . . . . . . . 1 . . . . 1 Used 2 | . . . . . . . . . . . . . . . . . 1 . . . . 1 Hacking Detections 42 | . 9 . . . 9 10 . . . . 9 . . . . . 2 . . . . 3 Full Trace Events 3 | . . . . . 1 1 . . . . . . . . . . . . . . . 1 Feedback Events . | . . . . . . . . . . . . . . . . . . . . . . . Feedback Blocked . | . . . . . . . . . . . . . . . . . . . . . . . Robot Schematics Acquired 6 | . . . . . . . . . 6 . . . . . . . . . . . . . Robots Built . | . . . . . . . . . . . . . . . . . . . . . . . Authchips . | . . . . . . . . . . . . . . . . . . . . . . . Time . | . . . . . . . . . . . . . . . . . . . . . . . Total Robot Build Rating . | . . . . . . . . . . . . . . . . . . . . . . . Part Schematics Acquired 14 | . . . . . . 1 . . 9 . . . . . . . . . . 4 . . Parts Built . | . . . . . . . . . . . . . . . . . . . . . . . Authchips . | . . . . . . . . . . . . . . . . . . . . . . . Time . | . . . . . . . . . . . . . . . . . . . . . . . Total Part Build Rating . | . . . . . . . . . . . . . . . . . . . . . . . Parts Repaired 1 | . 1 . . . . . . . . . . . . . . . . . . . . . Time 26 | . 26 . . . . . . . . . . . . . . . . . . . . . Parts Recycled . | . . . . . . . . . . . . . . . . . . . . . . . Recycled Matter . | . . . . . . . . . . . . . . . . . . . . . . . Retrieved Matter . | . . . . . . . . . . . . . . . . . . . . . . . Retrieved Components 6 | . . . . . . 6 . . . . . . . . . . . . . . . . Parts Scanalyzed . | . . . . . . . . . . . . . . . . . . . . . . . Part Schematics Acquired . | . . . . . . . . . . . . . . . . . . . . . . . Parts Damaged . | . . . . . . . . . . . . . . . . . . . . . . . Bothacking | -11 -10 -10 -10 -9 -8 -7 -7 -7 -7 -6 -6 -6 -6 -6 -6 -5 -5 -5 -5 -5 -4 -4 ------------ Run | Yrd Mat Min Exi Min Mat Fac Low Low Dat Pro Fac Low Low Zio Dee Pro Fac Upp Upp Zhi Pro Fac Used RIF Installer . | . . . . . . . . . . . . . . . . . . . . . . . Robots Hacked . | . . . . . . . . . . . . . . . . . . . . . . . Non-combat . | . . . . . . . . . . . . . . . . . . . . . . . Combat . | . . . . . . . . . . . . . . . . . . . . . . . Robot Hacks Applied . | . . . . . . . . . . . . . . . . . . . . . . . Relay Couplers Released . | . . . . . . . . . . . . . . . . . . . . . . . Fabnet Peak Effective % . | . . . . . . . . . . . . . . . . . . . . . . . Robots Rewired 5 | . . . 5 . . . . . . . . . . . . . . . . . . . Allies Hacked . | . . . . . . . . . . . . . . . . . . . . . . . Hacks Repelled . | . . . . . . . . . . . . . . . . . . . . . . . Allies | -11 -10 -10 -10 -9 -8 -7 -7 -7 -7 -6 -6 -6 -6 -6 -6 -5 -5 -5 -5 -5 -4 -4 -------- Run | Yrd Mat Min Exi Min Mat Fac Low Low Dat Pro Fac Low Low Zio Dee Pro Fac Upp Upp Zhi Pro Fac Total Allies 11 | . . 3 5 . . . . . . . . . . 2 . . 1 . . . . . Largest Group 8 | . . 3 8 8 8 . . . . . . . . 2 2 . 1 . . . . . Highest-Rated Group 192 | . . 40 93 93 93 . . . . . . . . 192 192 . 26 . . . . . Highest-Rated Ally 96 | . . 16 21 21 21 . . . . . . . . 96 96 . 26 . . . . . Total Orders 5 | . . . . . . . . . . . 3 . . . . . 2 . . . . . EXPLORE 3 | . . . . . . . . . . . 3 . . . . . . . . . . . RETURN 2 | . . . . . . . . . . . . . . . . . 2 . . . . . Ally Attacks 53 | . . . . 2 44 . . . . . . . . . 7 . . . . . . . Total Damage 558 | . . . . 11 497 . . . . . . . . . 50 . . . . . . . Kills 8 | . . . . 1 7 . . . . . . . . . . . . . . . . . Allies Corrupted . | . . . . . . . . . . . . . . . . . . . . . . . Allies Melted 1 | . . . . . . . . . . . . . . . 1 . . . . . . . Intel | -11 -10 -10 -10 -9 -8 -7 -7 -7 -7 -6 -6 -6 -6 -6 -6 -5 -5 -5 -5 -5 -4 -4 ------- Run | Yrd Mat Min Exi Min Mat Fac Low Low Dat Pro Fac Low Low Zio Dee Pro Fac Upp Upp Zhi Pro Fac Active Infowar (turns) 16890 | 22 404 896 881 826 2193 2099 1581 1322 113 799 1426 405 424 719 519 509 510 314 246 173 184 325 Optics 3905 | . . . . . . . . . . . . . 406 719 519 509 510 314 246 173 184 325 Sensors 8904 | . . . . . . 691 1526 1126 113 757 1282 405 424 679 196 280 442 314 245 169 164 91 Seismic 3140 | 22 404 896 881 826 111 . . . . . . . . . . . . . . . . . Decoding 603 | . . . . . . . . . . . . . . . . 318 285 . . . . . Cloaking 360 | . . . . . . . . . . . . . . . 53 126 181 . . . . . Jamming 9572 | . . . . . 2192 2099 1581 1319 113 799 1409 . . . . . . . . . . 60 Robot Analysis Total 5 | . 1 . . . . . . . . . . . . . . . . . . 4 . . Derelict Logs Recovered 17 | . . 2 . 1 . . 1 1 . 3 . 1 2 2 . 1 . 1 2 . . . Drone Launches 5 | . . . . . . . . . . . 3 . . . . . 2 . . . . . Drone Recoveries 4 | . . . . . . . . . . . 2 . . . . . 2 . . . . . Decoded 0b10 Intel 7 | . . . . . . . . . . . . . . . . . 7 . . . . . Patrols 1 | . . . . . . . . . . . . . . . . . 1 . . . . . Guards 6 | . . . . . . . . . . . . . . . . . 6 . . . . . Exploration | -11 -10 -10 -10 -9 -8 -7 -7 -7 -7 -6 -6 -6 -6 -6 -6 -5 -5 -5 -5 -5 -4 -4 ------------- Run | Yrd Mat Min Exi Min Mat Fac Low Low Dat Pro Fac Low Low Zio Dee Pro Fac Upp Upp Zhi Pro Fac Turns Passed 18411 | 137 1376 934 881 826 2206 2104 1581 1322 113 799 1762 405 424 719 519 509 510 314 246 173 184 367 Spaces Moved 15068 | 54 707 763 617 578 1400 1201 1168 924 94 572 1265 608 537 897 461 582 561 540 465 271 280 523 Core 147 | 3 2 . . . . . . . . . . . . . . 4 . . . . . 138 Treads 547 | 51 332 . . . 6 152 . . . . 6 . . . . . . . . . . . Legs . | . . . . . . . . . . . . . . . . . . . . . . . Wheels 8423 | . 373 763 617 578 1394 1049 1168 924 94 572 891 . . . . . . . . . . . Hover 5951 | . . . . . . . . . . . 368 608 537 897 461 578 561 540 465 271 280 385 Flight . | . . . . . . . . . . . . . . . . . . . . . . . Fastest Speed 40 | 50 110 115 115 115 105 110 130 115 115 130 63 63 63 63 63 63 47 47 47 47 47 40 Average Speed 100 | 153 144 115 115 115 119 150 130 129 116 130 111 63 63 63 72 71 59 47 47 47 50 48 Slowest Speed 600 | 160 600 130 115 115 245 250 130 130 130 130 225 63 63 63 131 250 147 53 47 47 110 240 Overloaded Moves . | . . . . . . . . . . . . . . . . . . . . . . . Propulsion Burnouts . | . . . . . . . . . . . . . . . . . . . . . . . Robots Hopped . | . . . . . . . . . . . . . . . . . . . . . . . Potential Cave-ins . | . . . . . . . . . . . . . . . . . . . . . . . Cave-ins Triggered . | . . . . . . . . . . . . . . . . . . . . . . . Teleports 1 | . . . . . . . . . . . . . . . . . . . . . . 1 Exploration Rate (%) 66 | 4 99 99 92 102 86 30 97 86 74 70 28 68 68 87 71 74 15 65 67 63 54 24 Regions Visited 22 Branch Regions 16 Pre-discovered Areas 10 | . . 1 1 . 2 . . . 1 . . . 1 1 . . . . . 3 . . Known Exits Taken 17 | . . . . . 1 1 1 1 1 1 1 1 1 1 1 1 1 1 1 1 1 . Unknown Exits Taken 5 | 1 1 1 1 1 . . . . . . . . . . . . . . . . . . Scrap Searched 31 | . . 2 . 1 . . 2 4 . 1 . 2 5 5 . 2 . 2 2 . 3 . Spaces Dug 93 | . 3 15 . 4 2 4 5 1 . . 20 1 5 . 8 7 5 4 2 . 3 4 Terrain Destroyed 359 | . 3 52 . 4 58 11 6 10 . 1 81 4 13 . 39 11 5 11 2 . 3 45 Melee 66 | . 3 2 . 4 2 4 5 1 . . 20 1 4 . 1 6 5 2 2 . . 4 Projectile 84 | . . . . . 17 7 1 9 . 1 8 3 9 . 12 5 . 9 . . 3 . AOE 209 | . . 50 . . 39 . . . . . 53 . . . 26 . . . . . . 41 Terrain Rammed . | . . . . . . . . . . . . . . . . . . . . . . . Walls Destroyed . | . . . . . . . . . . . . . . . . . . . . . . . Machines Disabled . | . . . . . . . . . . . . . . . . . . . . . . . Actions | -11 -10 -10 -10 -9 -8 -7 -7 -7 -7 -6 -6 -6 -6 -6 -6 -5 -5 -5 -5 -5 -4 -4 --------- Run | Yrd Mat Min Exi Min Mat Fac Low Low Dat Pro Fac Low Low Zio Dee Pro Fac Upp Upp Zhi Pro Fac Total 17211 | 85 899 796 742 719 1759 1386 1205 1006 97 622 1484 620 604 990 600 644 697 579 481 297 308 591 Wait 901 | 11 59 10 23 127 144 50 14 30 . 43 71 . 48 41 88 30 84 19 . . 1 8 Move 15046 | 53 706 762 616 577 1399 1200 1167 923 93 571 1264 607 536 896 460 581 560 539 464 270 279 523 Hop . | . . . . . . . . . . . . . . . . . . . . . . . Pick Up 144 | 2 19 3 6 . 30 22 3 9 . . 14 2 2 3 1 3 11 3 5 3 1 2 Fast Attach 59 | 7 9 . . . 4 1 . 2 2 . 4 . . 2 . 2 8 . . 1 1 16 Attach 39 | . 3 1 . . 6 4 1 1 . . 11 . . . . 2 1 . . . 4 5 Detach 11 | . . . . . . . . . . . 2 . . . . . . . . . 4 5 Swap 207 | 1 18 3 2 1 35 29 7 8 . 2 31 2 2 17 15 1 12 3 2 10 4 2 Drop 116 | . 7 3 6 . 37 14 1 9 2 . 7 2 2 4 1 3 4 . 3 4 1 6 Fire 392 | 9 64 6 8 . 98 44 5 17 . 2 53 5 10 . 34 14 3 9 . . 11 . Melee 182 | . 11 8 24 11 4 14 6 1 . . 27 2 4 . 1 8 14 6 7 9 1 24 Ram 2 | . 1 . . . 1 . . . . . . . . . . . . . . . . . Kick . | . . . . . . . . . . . . . . . . . . . . . . . Crush 5 | 2 2 . . . 1 . . . . . . . . . . . . . . . . . Escape Stasis 8 | . . . . . . 8 . . . . . . . . . . . . . . . . Rewire 57 | . . . 57 . . . . . . . . . . . . . . . . . . . Trap 15 | . . . . 3 . . 1 6 . 4 . . . . . . . . . . 1 . Miscellaneous 27 | . . . . . . . . . . . . . . 27 . . . . . . . . Route ------- -11/Scrapyard -10/Materials (discovered 5 exits: [*Mat x3] / [*Min] / [*Sub]) -10/Mines (discovered 4 exits: [*Mat x2] / *Exi / [*Sub]) -10/Exiles (discovered 2 exits: [*Min x2]) -9/Mines (discovered 2 exits: *Mat x2) -8/Materials (discovered 3 exits: *Fac x3) -7/Factory (discovered 4 exits: *Fac x2 / *Low x2) -7/Lower Caves -7/Lower Caves (discovered 2 exits: *Fac / *Dat) -7/Data Miner -6/Proximity Caves -6/Factory (discovered 2 exits: *Fac / *Low) -6/Lower Caves -6/Lower Caves (discovered 2 exits: *Fac / *Zio) -6/Zion (discovered 2 exits: *Dee / [*Pro]) -6/Deep Caves -5/Proximity Caves -5/Factory (discovered 4 exits: Fac x2 / *Upp x2) -5/Upper Caves -5/Upper Caves -5/Zhirov -4/Proximity Caves -4/Factory (discovered 3 exits: Upp x2 / Arm) History --------- Turn | Location | Event 9 | -11/Scrapyard | Discovered new exit (range 15) 138 | -11/Scrapyard | Entered Materials 311 | -10/Materials | Build established: Mutant 590 | -10/Materials | Discovered new exit (range 5) 769 | -10/Materials | Repaired Lgt. Treads 970 | -10/Materials | Discovered new exit (range 14) 999 | -10/Materials | Discovered new exit (range 7) 1329 | -10/Materials | Discovered new exit (range 16) 1377 | -10/Materials | Discovered new exit (range 8) 1514 | -10/Materials | Entered Mines 1573 | -10/Mines | YI-UF0 nonchalantly dropped a Grenade Launcher on the ground 1856 | -10/Mines | Learned location of Storage (-9) 1937 | -10/Mines | Learned Materials trap positions 1954 | -10/Mines | Deemed a non-threat by the Exiles lab entrance 1954 | -10/Mines | Discovered new exit (range 5) 1990 | -10/Mines | Core integrity fell below 50% 2077 | -10/Mines | Discovered new exit (range 8) 2114 | -10/Mines | Discovered new exit (range 7) 2264 | -10/Mines | Learned Materials terminal intel 2278 | -10/Mines | Discovered new exit (range 7) 2288 | -10/Mines | Assisted by bots powering up and referring to "LRC-V3" 2448 | -10/Mines | Entered Exiles 2448 | -10/Exiles | Found Exiles lab destroyed 2448 | -10/Exiles | Accompanied by 3 allies 2466 | -10/Exiles | Discovered new exit (range 15) 2831 | -10/Exiles | Build established: Commander-Mutant 2947 | -10/Exiles | Learned location of Zion (-6) 3191 | -10/Exiles | Discovered new exit (range 12) 3329 | -10/Exiles | Entered Mines 3329 | -9/Mines | Accompanied by 8 allies 3343 | -9/Mines | Found a hidden stash of uninstalled traps 3367 | -9/Mines | Met a Derelict bent on vengeance 3409 | -9/Mines | Learned location of 1 exit from Materials 3504 | -9/Mines | Discovered new exit (range 16) 3809 | -9/Mines | Discovered new exit (range 5) 4155 | -9/Mines | Entered Materials 4155 | -8/Materials | Accompanied by 8 allies 4155 | -8/Materials | Evolved 4 slots: Propulsion x2, Utility x2 4156 | -8/Materials | Identified exit to Factory 4157 | -8/Materials | Loaded intel: 17 trap records 4158 | -8/Materials | Loaded intel: 11 terminal locations 4657 | -8/Materials | Build established: Scavenger-Mutant 4949 | -8/Materials | Discovered exit to Factory (range 10) 5544 | -8/Materials | Build established: Mutant 5643 | -8/Materials | Learned 2 Storage zone layouts 5654 | -8/Materials | Discovered exit to Factory (range 10) 5666 | -8/Materials | Learned Factory stockpile data 5681 | -8/Materials | Learned location of 1 exit from Recycling 5685 | -8/Materials | Learned location of Extension (-6) 5686 | -8/Materials | Learned Storage stockpile data 5688 | -8/Materials | Learned 2 Lower Caves zone layouts 5699 | -8/Materials | Learned 4 Recycling zone layouts 6361 | -8/Materials | Entered Factory 6361 | -7/Factory | Evolved 2 slots: Utility x2 6814 | -7/Factory | Discovered new exit (range 6) 7073 | -7/Factory | Discovered new exit (range 10) 7606 | -7/Factory | Identified exit to Lower Caves 7927 | -7/Factory | Discovered new exit (range 14) 8465 | -7/Factory | Entered Lower Caves 8483 | -7/Lower Caves | Attracted the attention of an 0b10 checkpoint 8944 | -7/Lower Caves | Discovered new exit (range 12) 9016 | -7/Lower Caves | Learned location of 1 exit from Factory 9211 | -7/Lower Caves | Identified exit to Lower Caves 9779 | -7/Lower Caves | Encountered a Warlord checkpoint 10046 | -7/Lower Caves | Entered another Lower Caves area 10102 | -7/Lower Caves | Discovered new exit (range 3) 10109 | -7/Lower Caves | Identified exit to Factory 10146 | -7/Lower Caves | Learned Factory terminal intel 11004 | -7/Lower Caves | Discovered new exit (range 6) 11010 | -7/Lower Caves | Identified exit to Data Miner 11157 | -7/Lower Caves | Found Alien Artifact 11157 | -7/Lower Caves | Identified Core Expander 11157 | -7/Lower Caves | Installed Core Expander, added new Utility slot 11368 | -7/Lower Caves | Entered Data Miner 11368 | -7/Data Miner | Discovered new exit (range 6) 11392 | -7/Data Miner | Met Data Miner 11426 | -7/Data Miner | Learned location of Section 7 (-2) 11426 | -7/Data Miner | Acquired the access code to Warlord's prototype stash 11446 | -7/Data Miner | Received God Mode back door access code from Data Miner 11479 | -7/Data Miner | Identified exit to Proximity Caves 11481 | -7/Data Miner | Entered Proximity Caves 11483 | -6/Proximity Caves | Attracted the attention of an 0b10 checkpoint 11582 | -6/Proximity Caves | Learned location of 1 exit from Lower Caves 11686 | -6/Proximity Caves | Learned Factory stockpile data 11709 | -6/Proximity Caves | Learned Factory emergency access door positions 12215 | -6/Proximity Caves | Discovered exit to Factory (range 13) 12280 | -6/Proximity Caves | Entered Factory 12280 | -6/Factory | Evolved 2 slots: Propulsion x1, Utility x1 12281 | -6/Factory | Identified exit to Lower Caves 12284 | -6/Factory | Loaded intel: 28 terminal locations 12453 | -6/Factory | Discovered new exit (range 17) 12523 | -6/Factory | Allied Derelicts emerged from ambush trap array 13621 | -6/Factory | Lost 6 parts (4n2u) 13794 | -6/Factory | Garrison activated, responded to threat 14042 | -6/Factory | Entered Lower Caves 14043 | -6/Lower Caves | Identified exit to Lower Caves 14044 | -6/Lower Caves | Attracted the attention of an 0b10 checkpoint 14217 | -6/Lower Caves | Learned Factory terminal intel 14447 | -6/Lower Caves | Entered another Lower Caves area 14450 | -6/Lower Caves | Entered a destroyed Warlord outpost 14500 | -6/Lower Caves | Discovered new exit (range 6) 14504 | -6/Lower Caves | Identified exit to Factory 14754 | -6/Lower Caves | Build established: Scout 14810 | -6/Lower Caves | Identified exit to Zion 14825 | -6/Lower Caves | Attracted the attention of an 0b10 outpost 14871 | -6/Lower Caves | Entered Zion 14948 | -6/Zion | Received a hallucinogenic algorithm 14948 | -6/Zion | Ran a hallucination algorithm 14952 | -6/Zion | Discovered new exit (range 10) 14977 | -6/Zion | Visited the Megawrench Repair Shop 14984 | -6/Zion | Megawrench repaired 13 parts 15087 | -6/Zion | Given the Hacking Drone Bay 15087 | -6/Zion | Found Prototype Device 15151 | -6/Zion | Learned 8 Factory zone layouts 15157 | -6/Zion | Learned location of Warlord (-4) 15160 | -6/Zion | Given A8's code to call for help 15195 | -6/Zion | Identified Hacking Drone Bay 15333 | -6/Zion | Learned location of 1 exit from Factory 15429 | -6/Zion | Met Imprinter 15556 | -6/Zion | Discovered new exit (range 5) 15559 | -6/Zion | Saw the warning signs outside the Deep Caves entrance 15574 | -6/Zion | Enhanced Grunt warped into view, answering call for help 15577 | -6/Zion | Enhanced Grunt warped into view, answering call for help 15588 | -6/Zion | Identified exit to Deep Caves 15590 | -6/Zion | Entered Deep Caves 15590 | -6/Deep Caves | Accompanied by 2 allies 15716 | -6/Deep Caves | Z-Facility disabled 15786 | -6/Deep Caves | Attacked by Z-Imprinter 15817 | -6/Deep Caves | Destroyed Z-Imprinter 16015 | -6/Deep Caves | Spotted AG-72052 16060 | -6/Deep Caves | Found Prototype Protection 16104 | -6/Deep Caves | Discovered new exit (range 7) 16108 | -6/Deep Caves | Identified exit to Proximity Caves 16109 | -6/Deep Caves | Entered Proximity Caves 16261 | -5/Proximity Caves | Attracted the attention of an 0b10 checkpoint 16278 | -5/Proximity Caves | Spotter reported a threat 16286 | -5/Proximity Caves | Spotter reported a threat 16341 | -5/Proximity Caves | Lost 3 parts (1p2n) 16434 | -5/Proximity Caves | Spotter reported a threat 16583 | -5/Proximity Caves | Learned 4 Factory zone layouts 16609 | -5/Proximity Caves | Discovered exit to Factory (range 12) 16618 | -5/Proximity Caves | Entered Factory 16618 | -5/Factory | Evolved 2 slots: Power x1, Propulsion x1 16619 | -5/Factory | Identified exit to Factory 16620 | -5/Factory | Identified exit to Upper Caves 16621 | -5/Factory | Loaded intel: 26 terminal locations 16918 | -5/Factory | Search patrols dispatched 16971 | -5/Factory | Discovered exit to Upper Caves (range 10) 17128 | -5/Factory | Entered Upper Caves 17383 | -5/Upper Caves | Discovered new exit (range 3) 17384 | -5/Upper Caves | Identified exit to Upper Caves 17442 | -5/Upper Caves | Entered another Upper Caves area 17499 | -5/Upper Caves | Learned Factory terminal intel 17522 | -5/Upper Caves | P-70 Sage assimilated allied YW-SZL(S) 17604 | -5/Upper Caves | Discovered new exit (range 14) 17617 | -5/Upper Caves | Learned Factory emergency access door positions 17687 | -5/Upper Caves | Identified exit to Zhirov 17688 | -5/Upper Caves | Entered Zhirov 17688 | -5/Zhirov | Discovered new exit (range 3) 17697 | -5/Zhirov | Met Zhirov 17705 | -5/Zhirov | Learned location of Quarantine (-3) 17705 | -5/Zhirov | Learned location of Testing (-2) 17705 | -5/Zhirov | Learned location of Command (-1) 17710 | -5/Zhirov | Zhirov requested help retrieving the SGEMP Prototype 17720 | -5/Zhirov | Found Alien Artifact 17720 | -5/Zhirov | Identified Integrated Dissipator 17720 | -5/Zhirov | Installed Integrated Dissipator, increased core heat dissipation (+20) 17731 | -5/Zhirov | Found Alien Artifact 17860 | -5/Zhirov | Identified exit to Proximity Caves 17861 | -5/Zhirov | Entered Proximity Caves 17899 | -4/Proximity Caves | Spotted B-86 Titan 17992 | -4/Proximity Caves | Spotter reported a threat 18030 | -4/Proximity Caves | Discovered exit to Factory (range 12) 18045 | -4/Proximity Caves | Entered Factory 18045 | -4/Factory | Evolved 2 slots: Propulsion x1, Weapon x1 18046 | -4/Factory | Identified exit to Armory 18048 | -4/Factory | Loaded intel: 26 terminal locations 18202 | -4/Factory | Lost 4 parts (1p3n) 18342 | -4/Factory | Core integrity fell below 50% 18358 | -4/Factory | Garrison activated, responded to threat 18381 | -4/Factory | Core integrity fell below 20% 18400 | -4/Factory | Identified exit to Upper Caves 18411 | -4/Factory | Identified Transdimensional Reconstructor 18411 | -4/Factory | Warped through subspace 18412 | -4/Factory | Destroyed by G-67 Veteran with Field Laser Last Messages --------------- 18380_ S-27 Virus destroyed. 18383_ Nuclear Reactor explodes. 18383_ The unstable cave ceiling collapses. 18383_ Nuclear Reactor explodes. 18383_ Powered Hammer destroyed. 18383_ Penetrated by Slug. 18390_ Acquired Hacking Suite. 18394_ Penetrated by Slug. 18400_ Connecting with Terminal... >>Access(Branch) Found 3 branch access points: (182,41) Upper Caves (86,5) Upper Caves (110,99) Armory Map updated. 18400_ ALERT: Suspicious activity at Terminal F010. Dispatching Investigation squad. 18405_ The unstable cave ceiling collapses. 18411_ Identified Transdimensional Reconstructor. 18411_ Warped through subspace. Map ----- +----------------------------------------------------+ | #???????????????????????????????????????????? | | #???????????????????????????????????????????? | | ######???????????????????????????????????????????? | | ?????????????????????????????????????????????????? | | ?###?????????????????????????????????????????????? | | #????????????????????????????????????????? | | "" """" #????????????????????????????????????????? | | "" """" #????????????????????????????????????????? | | "" """" #????????????????????????????????????????? | | "" """" #????????????????????????????????????????? | | #????????????????????????????????????????? | | #?????????????#???????????????????????+??? | | #?????????????# ?????????????????????????? | | """ #?????????????# ?????????????????????????? | | "" Y" #?????????????# ?????????????????????????? | | """???????????????#o?????????????????????????? | | ?????????????????# #????????????????????????? | | ##+#################### ###??????????????????????? | | +???????????????????+??? | | #??????????????????????? | | + ?????????????????????? | | #??????????????????????? | | #??????????????????????? | | ##########+##### #??????????????????????? | | #??????????????# w#??????????????????????? | | #??????????????# @#??????????????????????? | | #??????????????# #????????????+?+???????? | | #??????????????# A ####???????????????????? | | #??????????????# # ???????????????????? | | #??????????????# # ! ?????#?????????????? | | #??????????????# # """ #?????????????? | | #??????????????# # """ #?????????????? | | #??????????????# # #?????????????? | | ################ + """ #?????????????? | | # """ #?????????????? | | ################ # """ ??????????????? | | # = ! ???# #? ????????????????? | | # """" ??# ####+###???? ?? #?? | | # """" #?# g # # ## #?? | | # """" #?# g %* #?? | | # """" #?# |= #?? | | # = """" #?# " #?? | | + ! """" #?# "" +?? | | # """" #?# % " #?? | | # " " #" [ #?? | | # "R" #"" #?? | | # """ ! #G #?? | | # ! ]#"" ** #?? | | ##############" ** #?? | | #????????????### #?? | +----------------------------------------------------+ Best States ------------- Heat Dissipation 71 Energy Generation 36 Energy Capacity 345 Matter Stores 300 Matter Capacity 300 Sight Range 22 Robot Scan Range 16 Terrain Scan Density 10 Jamming Range 16 Cloak Strength 3 Power Amplification 20 Armor Coverage 375 Resistance: KI 20 Resistance: EM 25 Propulsion Shielding 90 Phase Shifting 5 Evasion (%) 59 Targeting Accuracy 16 Target Analysis 6 Core Analysis 6 Armor Integrity Analysis 30 Recoil Reduction 7 Particle Charging 30 Salvage Targeting 4 Offensive Hacking 11 Item Schematics ----------------- Imp. Corruption Screen | -7/Factory | Hacked Combat Drone Bay | -7/Data Miner | Free Lgt. Regenerative Plating | -7/Data Miner | Free Thermal Defense Suite | -7/Data Miner | Free Cld. Cesium-ion Thruster | -7/Data Miner | Free Antimatter Cannon | -7/Data Miner | Free Gyrokinetic Inverter | -7/Data Miner | Free Imp. Focal Shield | -7/Data Miner | Free Tesla Rifle | -7/Data Miner | Free Hvy. Treads | -7/Data Miner | Free Assault Drone Bay | -5/Zhirov | Free Exp. Heat Sink | -5/Zhirov | Free Exp. Optical Array | -5/Zhirov | Free Imp. Arc Thrower | -5/Zhirov | Free Robot Schematics ------------------ G-50 Soldier | -7/Data Miner | Free W-25 Informer | -7/Data Miner | Free O-24 Administrator | -7/Data Miner | Free A-15 Conveyor | -7/Data Miner | Free B-60 Warrior | -7/Data Miner | Free R-10 Processor | -7/Data Miner | Free Fabricated ------------ Nothing Repaired ---------- Lgt. Treads | 14% | -10/Materials Alien Tech Used ----------------- Core Expander Integrated Dissipator Transdimensional Reconstructor Achievements -------------- None Challenges ------------ None Game ------ Seed TripodStrikeLink Manual? 0 Play Time 02:44:37 Cumulative 176.3 hours Start 2025.08.06 @ 20:56:07 End 2025.08.06 @ 23:39:31 Sessions 1 Manual Loads 0 Difficulty Rogue Special Mode None Game No. 154 Rogue 154 Adventurer 0 Explorer 0 Win Type - Total 3 Types 2/0/0/1/0/0/0/0/0/0 Lore% 73 Gallery% 65 Achievement% 57 Wizard Run 0 Options --------- Layout 0 ASCII 0 Keyboard 1 Movement Numpad Keybinds 0 Fullscreen 1 Font 24/Terminus Map View 76x50 Zoom Use 0% Tactical HUD 1 Map Filters NONE Filters NONE Steam 1 RUN: 816a3c28-a1d1-423b-8576-758fe20c3117